Map: Lightshade LE

Players

LAMBDA

  • Race: Zerg Zerg
  • League: Diamond
  • Spawn Location: 11:00

IronLung - Winner!

  • Race: Protoss Protoss
  • League: Master
  • Spawn Location: 5:00

VOD

Have the link to the VOD?

Description

Time

  • Played on: Jan. 4, 2021, 9:20 p.m.
  • Length: 6:43
Show
View Real Time Build Order
Export as new Build Order

LAMBDA Zerg 

Build Orders: Hatch First 

Get SALT Encoding   

  12  0:00  Drone  
  13  0:12  Overlord  
  13  0:17  Drone  
  14  0:31  Drone x2  
  16  0:49  Hatchery  
  15  0:52  Drone  
  15  0:55  Drone  
  17  0:58  Drone  
  18  1:12  Spawning Pool  
  18  1:15  Drone  
  18  1:18  Drone  
  19  1:39  Hatchery  
  18  1:41  Drone  
  18  1:44  Drone  
  20  1:49  Drone  
  21  2:02  Drone x2  
  21  2:05  Queen  
  25  2:11  Drone  
  25  2:12  Drone  
  27  2:22  Drone  
  28  2:24  Overlord  
  28  2:32  Overlord  
  28  2:40  Overlord  
  28  2:41  Queen  
  28  2:43  Queen  
  32  2:45  Drone x2  
  34  2:52  Drone  
  34  2:57  Drone x2  
  37  3:04  Extractor, Drone  
  37  3:05  Drone  
  38  3:07  Drone  
  38  3:08  Queen  
  41  3:16  Extractor  
  41  3:17  Extractor  
  41  3:18  Extractor  
  38  3:23  Overlord  
  38  3:24  Drone x3  
  38  3:25  Queen  
  43  3:30  Drone  
  43  3:31  Drone x3  
  47  3:36  Overlord  
  47  3:38  Drone  
  47  3:39  Drone  
  49  3:54  Queen  
  51  3:56  Overlord  
  51  3:58  Overlord, Drone x2  
  51  3:59  Drone x2  
  55  4:12  Overlord x2  
  55  4:13  Lair  
  55  4:15  Metabolic Boost  
  55  4:19  Spore Crawler  
  55  4:22  Spore Crawler  
  53  4:27  Drone  
  54  4:32  Spore Crawler  
  54  4:36  Zergling x10  
  58  4:39  Drone x2  
  58  4:43  Zergling x4  
  62  4:52  Drone x5  
  67  4:58  Drone x3  
  70  5:03  Overlord  
  70  5:12  Spire  
  69  5:17  Drone x6  
  69  5:19  Zergling x2, Extractor  
  68  5:44  Zergling x8  
  68  5:45  Zergling x16  
  66  5:56  Zergling x12  
  64  6:02  Zergling x2  
Show
View Real Time Build Order
Export as new Build Order

IronLung Protoss - Winner!

Build Orders: 1 Gate Expand 

Get SALT Encoding   

  12  0:00  Probe  
  13  0:12  Probe  
  14  0:20  Pylon  
  14  0:24  Probe (Chrono Boost)  
  15  0:38  Probe (Chrono Boost)  
  15  0:39  Gateway  
  16  0:46  Probe (Chrono Boost)  
  16  0:47  Assimilator  
  17  0:53  Probe  
  18  1:05  Probe  
  19  1:17  Probe  
  20  1:24  Nexus  
  20  1:34  Cybernetics Core  
  20  1:36  Probe (Chrono Boost)  
  21  1:41  Assimilator  
  21  1:48  Probe (Chrono Boost)  
  21  1:50  Pylon  
  22  1:55  Probe (Chrono Boost)  
  23  2:07  Adept (Chrono Boost)  
  23  2:08  Probe  
  26  2:20  Probe  
  26  2:21  Stargate  
  27  2:32  Warp Gate  
  27  2:36  Probe x2 (Chrono Boost)  
  29  2:37  Adept  
  31  2:46  Probe (Chrono Boost)  
  31  2:47  Probe (Chrono Boost)  
  31  2:51  Probe (Chrono Boost)  
  33  2:56  Probe  
  33  2:58  Void Ray (Chrono Boost)  
  35  3:03  Probe  
  39  3:08  Probe  
  40  3:14  Gateway  
  40  3:15  Probe  
  41  3:21  Probe  
  41  3:23  Twilight Council  
  43  3:27  Probe  
  43  3:33  Pylon, Probe  
  44  3:39  Probe  
  45  3:44  Void Ray (Chrono Boost)  
  45  3:45  Probe  
  46  3:51  Probe  
  46  3:54  Pylon  
  51  3:58  Pylon  
  52  4:05  Charge (Chrono Boost)  
  51  4:13  Gateway  
  51  4:15  Gateway  
  51  4:17  Gateway  
  51  4:24  Gateway  
  51  4:27  Zealot x2  
  55  4:33  Void Ray  
  55  4:41  Pylon  
  59  4:51  Pylon  
  59  4:52  Zealot x2  
  63  4:55  Pylon  
  63  5:08  Pylon  
  63  5:13  Pylon, Zealot x5  
  73  5:20  Zealot  
  75  5:36  Zealot x4  
  75  5:37  Zealot  
  85  5:44  Void Ray (Chrono Boost)  
  85  5:48  Zealot  
  89  5:57  Zealot x5  
  99  6:08  Zealot  
  95  6:17  Zealot x5  
  105  6:26  Shield Battery  
  107  6:36  Shield Battery, Zealot  
Tags
 
Add a new tag
Caveats
  • Supply blocks, unpowered buildings, or Contaminate may cause inaccurate times.
  • Supply counts are checked every 10 seconds.